AoeStats
← Kanyaga

Arabia

505772393Analyzed
4v4 RM · 21d ago on Sep 11, 2026· 47m 47s· 8 players
Game mode
Random Map
Map size
Large (8 player)
Population
200
Speed
Normal
Resources
Standard
Victory
Conquest
Starting age
Dark Age
Ending age
Imperial Age
RankedLock teamsTeams togetherTeam positionsShared explorationLock speedFull tech treeHidden civsTurbo modeCheats
Victory
Defeat
🇨🇱 Hindustanis · Chile
1716
+11
🇨🇱 Shu · Chile
1594
+16
1529
+19
🇨🇱 Franks · Chile
1528
+19
🇹🇷 Magyars · Türkiye
1732
-22
🇬🇧 Persians · United Kingdom
1577
-15
🇧🇷 Malians · Brazil
1549
-14
🇹🇷 Byzantines · Türkiye
1532
-14
SeiyaPegasus
6:48 Loom
9:13 Feudal Age
10:29 Double-Bit Axe
10:27 Horse Collar
15:16 Forging
17:04 Scale Barding Armor
18:18 Bloodlines
19:32 Wheelbarrow
23:42 Castle Age
22:05 Stone Mining
23:45 Light Cavalry
25:51 Bow Saw
26:12 Heavy Plow
26:28 Squires
27:33 Scale Mail Armor
28:48 Iron Casting
30:03 Chain Mail Armor
33:01 Gold Mining
39:21 Imperial Age
37:06 Town Watch
37:37 Hand Cart
38:27 Tigui
38:19 Fletching
38:57 Bodkin Arrow
39:27 Elite Gbeto
40:58 Conscription
41:10 Plate Mail Armor
41:37 Ballistics
42:47 Chemistry
45:16 Farimba
45:37 Chain Barding Armor
46:08 Crop Rotation
Jrfear
5:57 Loom
9:19 Feudal Age
13:40 Fletching
19:21 Padded Archer Armor
25:34 Castle Age
24:30 Gold Mining
24:34 Double-Bit Axe
25:41 Crossbowman
29:04 Bodkin Arrow
29:49 Ballistics
34:18 Town Watch
37:03 Horse Collar
42:53 Wheelbarrow
42:35 Bow Saw
Kanyaga
2:35 Loom
3:04 Loom
9:02 Feudal Age
14:20 Fletching
24:54 Wheelbarrow
25:24 Padded Archer Armor
28:09 Scale Mail Armor
31:49 Castle Age
31:20 Scale Mail Armor
32:58 Double-Bit Axe
36:31 Bow Saw
36:49 Bodkin Arrow
42:23 Imperial Age
39:53 Horse Collar
40:27 Bodkin Arrow
40:02 Elite Skirmisher
43:44 Ballistics
45:46 Treadmill Crane
GaraMustafaPasa
5:43 Loom
7:09 Loom
9:21 Feudal Age
15:04 Double-Bit Axe
17:30 Forging
19:00 Scale Barding Armor
19:07 Bloodlines
20:12 Wheelbarrow
24:00 Castle Age
23:00 Horse Collar
24:30 Husbandry
24:53 Chain Barding Armor
26:12 Iron Casting
25:32 Gold Mining
27:11 Light Cavalry
[CL] FARFANA
5:55 Loom
9:05 Feudal Age
9:43 Double-Bit Axe
19:25 Gold Mining
21:54 Castle Age
21:10 Scale Barding Armor
21:33 Forging
23:12 Husbandry
23:37 Chain Barding Armor
25:21 Wheelbarrow
27:45 Iron Casting
28:23 Bow Saw
34:02 Hand Cart
37:18 Light Cavalry
42:34 Imperial Age
42:42 Cavalier
44:03 Plate Barding Armor
44:11 Conscription
Darth Maul
6:53 Loom
9:07 Feudal Age
9:41 Double-Bit Axe
10:07 Horse Collar
16:37 Scale Barding Armor
18:18 Forging
23:16 Castle Age
21:43 Gold Mining
23:52 Bloodlines
23:19 Light Cavalry
24:23 Husbandry
25:50 Chain Barding Armor
30:37 Wheelbarrow
31:47 Bow Saw
32:52 Town Watch
33:26 Hand Cart
33:21 Town Watch
38:55 Imperial Age
37:22 Gold Shaft Mining
37:59 Iron Casting
37:25 Heavy Plow
39:29 Masonry
39:10 Stone Mining
39:00 Heavy Camel Rider
40:19 Plate Barding Armor
41:00 Imperial Camel Rider
42:44 Blast Furnace
42:22 Stone Shaft Mining
43:04 Chemistry
45:45 Conscription
46:51 Onager
[CL] Guatona, Guatona qla fea
6:03 Loom
9:20 Feudal Age
14:14 Fletching
25:04 Castle Age
22:53 Horse Collar
23:01 Double-Bit Axe
24:14 Horse Collar
25:20 Padded Archer Armor
25:20 Gold Mining
25:08 Crossbowman
26:13 Bodkin Arrow
27:30 Ballistics
32:14 Leather Archer Armor
39:26 Imperial Age
38:08 Thumb Ring
40:21 Bracer
40:08 Arbalester
43:52 Chemistry
43:37 Conscription
43:19 Town Watch
46:08 Heavy Plow
46:22 Bow Saw
[CL] Sebag
6:51 Loom
9:32 Feudal Age
11:42 Town Watch
16:09 Man-at-Arms
18:12 Fletching
19:48 Scale Mail Armor
26:27 Castle Age
25:15 Padded Archer Armor
25:05 Double-Bit Axe
25:02 Horse Collar
25:22 Gold Mining
26:34 Crossbowman
27:10 Bodkin Arrow
27:28 Bow Saw
27:43 Thumb Ring
31:08 Leather Archer Armor
31:39 Arson
33:47 Ballistics
34:31 Wheelbarrow
36:54 Hand Cart
39:50 Imperial Age
39:57 Imperial Age
37:57 Heavy Plow
40:05 Arbalester
40:45 Bracer
41:47 Chemistry
41:10 Siege Engineers
42:42 Ring Archer Armor
47:19 Stone Mining
48:05 Gold Shaft Mining
49:08 Two-Man Saw
Connection lost

Rejoining the realm…

Still unreachable

The connection could not be restored.

Session expired

The server has moved on; the page needs a fresh start.